Map: Catalyst LE

Players

Majestuoso (MajeStic) - Winner!

  • Race: Protoss Protoss
  • Spawn Location: 11:00

Lambo

  • Race: Zerg Zerg
  • League: Master
  • Spawn Location: 5:00

Event: WESG Barcelona European Finals 2017

VOD

Have the link to the VOD?

Description

Time

  • Played on: Nov. 24, 2017, 9:43 a.m.
  • Length: 16:29

All games in this series

Show
View Real Time Build Order
Export as new Build Order

Majestuoso Protoss - Winner!

Build Orders: 1 Gate Expand, Zealot Archon, Colossus Rush, Dark Templar Rush 

Get SALT Encoding   

  12  0:00  Probe  
  13  0:12  Probe  
  14  0:17  Pylon  
  14  0:25  Probe  
  15  0:37  Probe (Chrono Boost)  
  15  0:40  Gateway  
  16  0:47  Probe (Chrono Boost)  
  17  0:51  Probe  
  17  0:52  Assimilator  
  18  1:03  Probe (Chrono Boost)  
  20  1:13  Probe (Chrono Boost)  
  20  1:24  Nexus  
  20  1:34  Cybernetics Core  
  20  1:37  Probe  
  21  1:42  Assimilator  
  21  1:49  Probe  
  22  1:56  Pylon  
  22  2:01  Probe  
  23  2:11  Warp Gate  
  23  2:14  Probe, Adept (Chrono Boost)  
  26  2:21  Twilight Council  
  26  2:26  Probe  
  27  2:31  Adept  
  29  2:38  Probe (Chrono Boost)  
  31  2:49  Probe x2 (Chrono Boost)  
  31  2:51  Probe  
  33  2:52  Robotics Facility  
  33  2:55  Probe  
  34  3:03  Probe  
  35  3:07  Probe  
  35  3:12  Dark Shrine  
  36  3:15  Probe  
  36  3:19  Probe  
  38  3:31  Probe (Chrono Boost)  
  38  3:32  Gateway  
  40  3:35  Probe (Chrono Boost)  
  40  3:38  Gateway  
  40  3:40  Gateway  
  41  3:41  Probe x2 (Chrono Boost)  
  41  3:43  Observer (Chrono Boost)  
  43  3:50  Pylon, Assimilator  
  43  3:51  Probe  
  43  3:53  Probe  
  43  3:54  Assimilator  
  45  4:00  Pylon  
  45  4:03  Probe  
  45  4:08  Probe, Warp Prism (Chrono Boost)  
  49  4:19  Probe  
  49  4:20  Probe  
  51  4:27  Stalker  
  53  4:31  Probe  
  53  4:34  Nexus  
  53  4:45  Pylon  
  53  4:47  Probe x2  
  53  4:50  Robotics Bay  
  55  4:54  Sentry x2  
  55  4:59  Probe (Chrono Boost)  
  61  5:01  Forge  
  61  5:04  Dark Templar  
  60  5:07  Probe (Chrono Boost), Dark Templar  
  60  5:14  Pylon  
  62  5:20  Pylon  
  62  5:26  Pylon  
  62  5:30  Pylon  
  62  5:32  Sentry x2  
  62  5:33  Colossus  
  62  5:34  Protoss Ground Weapons Level 1 (Chrono Boost)  
  71  5:50  Gateway  
  71  5:51  Probe  
  71  5:52  Probe  
  71  5:53  Gateway  
  71  5:55  Gateway  
  71  5:56  Archon, Zealot  
  75  6:05  Extended Thermal Lance  
  75  6:07  Probe  
  75  6:08  Probe  
  75  6:09  Shield Battery  
  75  6:10  Stalker  
  79  6:12  Probe  
  80  6:19  Probe  
  80  6:20  Probe  
  80  6:24  Probe  
  83  6:30  Colossus (Chrono Boost)  
  83  6:32  Probe x2  
  91  6:36  Probe  
  91  6:39  Gateway  
  92  6:44  Probe x2  
  92  6:45  Sentry  
  96  6:48  Probe  
  96  6:49  Protoss Ground Weapons Level 2 (Chrono Boost)  
  96  6:50  Assimilator x2  
  96  6:52  Blink (Chrono Boost)  
  96  6:53  Pylon  
  97  6:56  Probe x2  
  97  7:00  Probe  
  100  7:06  Shield Battery  
  100  7:07  Stalker  
  100  7:08  Stalker  
  104  7:09  Pylon  
  104  7:28  Stalker x2  
  114  7:32  Pylon  
  114  7:33  Pylon  
  114  7:42  Probe x2  
  116  7:45  Stalker x4  
  116  7:46  Colossus (Chrono Boost)  
  116  7:49  Pylon  
  116  7:50  Pylon  
  124  8:09  Zealot x6  
  124  8:10  Zealot x2  
  138  8:23  Probe x2  
  134  8:28  Probe  
  134  8:30  Stargate, Warp Prism  
  134  8:33  Zealot  
  139  8:39  Probe  
  140  8:42  Nexus, Stargate  
  140  8:43  Charge  
  140  8:44  Probe, Pylon, Zealot x2  
  140  8:46  Protoss Ground Weapons Level 3 (Chrono Boost)  
  145  8:51  Pylon  
  145  8:52  Pylon  
  144  8:56  Stalker  
  146  9:06  Observer  
  147  9:15  Fleet Beacon  
  147  9:26  Void Ray x2 (Chrono Boost)  
  147  9:27  Colossus  
  147  9:28  Shield Battery  
  147  9:29  Shield Battery  
  147  9:31  Pylon  
  161  9:32  Assimilator  
  161  9:37  Assimilator  
  161  9:44  Pylon  
  161  9:59  Void Ray (Chrono Boost), Zealot x4  
  165  10:15  Probe  
  165  10:17  Stargate, Void Ray (Chrono Boost)  
  160  10:21  Protoss Air Weapons Level 1 (Chrono Boost)  
  161  10:29  Mothership (Chrono Boost)  
  161  10:33  Pylon  
  161  10:34  Photon Cannon  
  169  10:35  Photon Cannon  
  169  10:37  Probe (Chrono Boost), Shield Battery  
  169  10:41  Void Ray (Chrono Boost)  
  173  10:50  Zealot x2  
  173  10:51  Zealot x2  
  183  10:58  Void Ray (Chrono Boost)  
  183  11:00  Zealot  
  183  11:03  Shield Battery  
  185  11:14  Templar Archives  
  185  11:18  Pylon  
  177  11:19  Photon Cannon  
  177  11:20  Photon Cannon  
  177  11:22  Pylon  
  177  11:23  Void Ray (Chrono Boost)  
  173  11:28  Observer  
  178  11:37  Void Ray (Chrono Boost)  
  178  11:38  Stargate, Protoss Shields Level 1 (Chrono Boost)  
  178  11:47  Void Ray  
  178  11:49  Warp Prism  
  178  11:50  High Templar x4  
  178  11:51  High Templar  
  194  11:54  High Templar  
  194  11:59  Photon Cannon  
  194  12:00  Shield Battery, Archon x3  
  196  12:01  Pylon  
  196  12:20  Nexus  
  196  12:21  Pylon  
  196  12:24  Stalker x2  
  200  12:30  Pylon  
  200  12:35  Void Ray  
  200  12:36  Void Ray x2  
  179  12:42  Stalker x3  
  159  12:45  Sentry x2  
  159  12:50  Stalker x2  
  167  12:56  Stalker  
  169  13:05  Stalker x2  
  169  13:06  Stalker  
  158  13:14  Stalker x2  
  158  13:15  Stalker  
  158  13:18  Stalker  
  138  13:20  Stalker  
  116  13:34  High Templar x2  
  116  13:35  Zealot  
  116  13:38  High Templar x2, Zealot  
  116  13:39  Archon  
  116  13:40  Protoss Shields Level 2  
  128  13:43  Void Ray x2 (Chrono Boost)  
  136  13:50  Archon  
  136  13:51  Zealot x3, Assimilator  
  136  13:52  Assimilator  
  142  13:55  Shield Battery  
  142  13:56  Shield Battery  
  142  14:04  Dark Templar  
  142  14:06  Dark Templar  
  146  14:14  Shield Battery  
  146  14:17  Shield Battery  
  146  14:21  Sentry x2  
  154  14:26  Zealot  
  154  14:27  Zealot  
  154  14:28  Void Ray (Chrono Boost)  
  158  14:31  Void Ray (Chrono Boost)  
  158  14:35  Zealot  
  158  14:38  Dark Templar  
  166  14:41  Dark Templar  
  164  14:46  Zealot  
  164  14:47  Zealot  
  164  14:50  High Templar  
  164  14:51  High Templar  
  165  14:58  Archon  
  165  14:59  Zealot x2  
  165  15:12  High Templar x2, Zealot  
  169  15:17  Archon  
  169  15:18  Gateway, Stalker  
  169  15:20  Gateway, Archon  
  171  15:21  Dark Templar  
  171  15:22  Gateway, Dark Templar  
  171  15:26  Archon  
  171  15:27  High Templar x2  
  179  15:31  Archon  
  179  15:34  Warp Prism  
  181  15:46  Dark Templar  
  179  15:55  Stalker x4  
  179  15:56  Stalker  
  122  16:07  Zealot x2  
  118  16:19  Dark Templar  
Show
View Real Time Build Order
Export as new Build Order

Lambo Zerg 

Build Orders: Hatch First 

Get SALT Encoding   

  12  0:00  Drone  
  13  0:12  Overlord  
  13  0:17  Drone  
  14  0:30  Drone x2  
  14  0:35  Drone  
  17  0:52  Hatchery  
  17  0:54  Drone  
  17  0:57  Drone  
  18  1:07  Extractor  
  17  1:12  Spawning Pool  
  17  1:17  Drone  
  17  1:19  Drone  
  18  1:28  Drone  
  19  1:39  Overlord  
  19  1:50  Drone  
  20  2:00  Queen  
  20  2:01  Zergling x2  
  23  2:03  Queen  
  23  2:04  Zergling x2  
  23  2:08  Metabolic Boost  
  26  2:11  Drone  
  26  2:14  Drone  
  28  2:21  Drone  
  29  2:27  Drone  
  30  2:32  Drone  
  31  2:40  Hatchery  
  31  2:43  Drone  
  31  2:47  Pneumatized Carapace  
  31  2:51  Drone  
  31  2:54  Overlord  
  32  3:00  Drone x2  
  34  3:08  Zergling x2  
  34  3:09  Zergling x2  
  36  3:17  Drone x4  
  36  3:18  Queen  
  42  3:25  Drone x2  
  44  3:32  Spore Crawler  
  44  3:33  Spore Crawler  
  41  3:36  Drone  
  41  3:37  Drone, Evolution Chamber  
  44  3:43  Overlord  
  44  3:46  Overlord  
  44  3:47  Overlord  
  45  3:54  Drone x4  
  49  4:00  Queen  
  51  4:04  Drone x2  
  51  4:05  Lair  
  51  4:07  Drone  
  54  4:14  Drone, Spore Crawler  
  54  4:15  Drone, Spore Crawler x2  
  54  4:16  Drone  
  54  4:19  Queen  
  54  4:24  Zergling x6  
  58  4:29  Zergling x4  
  61  4:33  Zergling x6  
  61  4:36  Zergling x4  
  66  4:42  Drone  
  67  4:47  Drone x6  
  67  4:48  Drone  
  74  4:54  Extractor  
  74  4:55  Evolution Chamber  
  74  4:56  Overlord  
  72  5:02  Overlord  
  71  5:07  Hydralisk Den, Overlord  
  71  5:10  Overseer  
  67  5:15  Drone x4  
  71  5:23  Drone x4, Extractor  
  71  5:24  Drone x2  
  71  5:25  Extractor  
  71  5:26  Drone x2  
  77  5:30  Drone  
  77  5:33  Drone  
  77  5:34  Drone  
  80  5:40  Queen  
  80  5:41  Drone  
  80  5:42  Muscular Augments  
  82  5:46  Overlord, Extractor  
  82  5:48  Extractor  
  77  5:50  Drone x3  
  77  5:53  Zergling x2  
  77  5:54  Zergling x8  
  85  5:58  Hydralisk  
  85  6:02  Hatchery  
  85  6:03  Hydralisk  
  88  6:07  Hydralisk x2  
  92  6:12  Hydralisk x2  
  92  6:16  Overlord  
  96  6:18  Hydralisk  
  96  6:21  Overlord  
  96  6:24  Overlord x2  
  96  6:25  Overlord  
  98  6:28  Overlord  
  98  6:29  Overlord  
  98  6:30  Overlord  
  98  6:32  Overlord  
  98  6:33  Overseer  
  98  6:42  Hydralisk x5  
  98  6:47  Hydralisk x2  
  108  6:50  Hydralisk  
  108  6:53  Hydralisk x2  
  116  6:57  Hydralisk  
  120  7:05  Drone x2  
  120  7:06  Spire  
  120  7:08  Drone x2  
  122  7:09  Drone, Baneling Nest  
  122  7:11  Drone  
  124  7:15  Drone x3  
  124  7:20  Drone x4  
  130  7:24  Drone  
  130  7:25  Drone x3  
  130  7:28  Zerg Missile Weapons Level 1  
  134  7:30  Overlord  
  134  7:31  Drone  
  134  7:33  Extractor  
  134  7:35  Drone x2  
  134  7:36  Drone  
  137  7:38  Hydralisk  
  137  7:39  Hydralisk  
  141  7:46  Zergling x2  
  141  7:47  Zergling x12  
  147  7:52  Overseer  
  147  8:04  Zergling x22  
  147  8:05  Centrifical Hooks  
  157  8:11  Baneling x7  
  157  8:16  Hydralisk  
  159  8:26  Overlord x2  
  159  8:27  Overlord  
  159  8:28  Baneling  
  159  8:29  Baneling x5, Infestation Pit  
  159  8:30  Overlord  
  159  8:33  Overlord  
  158  8:36  Overlord  
  158  8:42  Overlord  
  158  8:44  Corruptor x7  
  158  8:46  Corruptor  
  158  8:48  Corruptor  
  176  8:57  Corruptor  
  176  8:59  Zergling x16  
  176  9:00  Overlord  
  184  9:07  Zergling x4  
  182  9:13  Hive  
  182  9:14  Zergling x6  
  182  9:15  Zergling x10  
  190  9:24  Zerg Missile Weapons Level 2  
  190  9:27  Baneling x13  
  190  9:29  Zergling x12  
  196  9:36  Baneling x7  
  196  9:43  Zergling x4  
  196  9:44  Zergling x4  
  200  9:52  Hatchery  
  190  10:06  Overlord  
  186  10:08  Drone x4  
  186  10:10  Hydralisk  
  186  10:11  Hydralisk x7  
  195  10:20  Overlord  
  195  10:21  Hydralisk x2, Zergling x2  
  192  10:22  Zergling x6  
  200  10:29  Greater Spire  
  200  10:33  Baneling x2  
  200  10:53  Evolution Chamber  
  199  11:11  Zergling x2  
  199  11:15  Overlord  
  199  11:17  Hydralisk  
  199  11:18  Hydralisk  
  200  11:21  Zergling x8  
  200  11:24  Zerg Melee Weapons Level 1  
  197  11:28  Evolution Chamber  
  196  11:43  Extractor  
  195  11:47  Corruptor x2  
  195  11:50  Zerg Missile Weapons Level 3, Zerg Flyer Weapons Level 1  
  199  11:57  Overseer  
  199  12:02  Zerg Ground Armor Level 1  
  199  12:03  Adrenal Glands  
  199  12:31  Hydralisk x4  
  199  12:32  Hydralisk x3  
  199  12:34  Hydralisk x5  
  199  12:35  Hydralisk x6  
  199  12:36  Zergling x8  
  194  12:37  Hydralisk  
  194  12:38  Hydralisk x7, Zergling x2  
  194  12:39  Zergling x2  
  194  12:42  Queen  
  190  12:44  Hydralisk x3  
  190  12:49  Overseer  
  196  12:51  Corruptor x2  
  200  13:00  Baneling x4  
  200  13:04  Hydralisk  
  197  13:06  Hydralisk x3  
  197  13:07  Zergling x4  
  197  13:10  Hydralisk x4  
  197  13:12  Hydralisk x3  
  175  13:13  Zergling x2  
  175  13:18  Hydralisk x2, Zergling x2  
  175  13:19  Zergling x2  
  152  13:23  Hydralisk  
  152  13:26  Queen x3  
  124  13:27  Queen  
  124  13:30  Corruptor x2  
  124  13:33  Zergling x2  
  124  13:34  Zergling x6  
  129  13:38  Corruptor  
  129  13:40  Zergling x2  
  129  13:41  Zergling x10  
  135  13:45  Corruptor  
  135  13:48  Zergling x8, Extractor  
  138  13:52  Extractor  
  138  13:53  Corruptor  
  138  13:56  Baneling x4  
  138  14:01  Corruptor  
  140  14:06  Zergling x18  
  149  14:10  Corruptor  
  151  14:19  Corruptor  
  151  14:20  Corruptor  
  155  14:24  Corruptor  
  155  14:26  Queen x3  
  155  14:30  Corruptor  
  165  14:33  Zergling x24  
  176  14:43  Corruptor x2  
  176  14:45  Overseer  
  177  14:49  Overseer  
  166  14:53  Corruptor  
  166  14:54  Drone x2  
  166  14:58  Drone x2  
  166  15:02  Corruptor  
  164  15:08  Drone x4  
  164  15:10  Hydralisk, Zergling x4  
  164  15:13  Baneling x4  
  167  15:17  Baneling x5  
  167  15:18  Baneling x2  
  167  15:23  Hydralisk  
  167  15:26  Hydralisk  
  171  15:28  Baneling x5  
  171  15:31  Hydralisk  
  173  15:36  Hydralisk  
  175  15:46  Hydralisk x3  
  179  15:55  Hydralisk  
  179  15:56  Hydralisk x3  
  162  15:59  Hydralisk  
  162  16:00  Hydralisk  
Tags
 
Add a new tag
Caveats
  • Supply blocks, unpowered buildings, or Contaminate may cause inaccurate times.
  • Supply counts are checked every 10 seconds.